 Dungeon Crawl Stone Soup version 0.27-a0-650-g8dd3ea4f36 (webtiles) character file.

Game seed: 3453285328098092699

4 dickylongcocking the Sneak (level 1, -2/20 HPs)
             Began as a Deep Dwarf Delver on Mar 16, 2021.
             Slain by an orc priest
             ... wielding a +0 trident
              (5 damage)
             ... on level 4 of the Dungeon.
             The game lasted 00:00:12 (105 turns).

dickylongcocking the Sneak (Deep Dwarf Delver)       Turns: 105, Time: 00:00:12

Health: -2/20      AC:  5    Str: 15    XL:     1   Next: 50%
Magic:  1/1        EV: 11    Int: 10    God:
Gold:   4          SH:  0    Dex: 14    Spells: 0/0 levels left

rFire    . . .     SeeInvis .   a - +0 hand axe
rCold    . . .     Faith    .   (no shield)
rNeg     . . .     Spirit   .   h - +0 ring mail
rPois    .         Reflect  .   (no helmet)
rElec    .         Harm     .   (no cloak)
rCorr    .         Rampage  .   (no gloves)
Will     .....                  (no boots)
Stlth    ++........             (no amulet)
HPRegen  0.00/turn              (no ring)
MPRegen  0.07/turn              (no ring)

@: non-regenerating
A: damage resistance, heal wounds, sense surroundings 1, no regeneration
a: Heal Wounds


You were on level 4 of the Dungeon.
You visited 1 branch of the dungeon, and saw 2 of its levels.

You collected 4 gold pieces.

Inventory:

Hand Weapons
 a - a +0 hand axe (weapon)
Armour
 b - a +0 leather armour
 h - a +0 ring mail (worn)
Wands
 g - a wand of digging (3)
Scrolls
 c - a scroll of fog
 d - a scroll of magic mapping
 e - a scroll of fear
Potions
 f - a potion of haste


   Skills:
 - Level 2.6 Fighting
 * Level 2.6 Axes
 - Level 2.1 Dodging
 - Level 6.0 Stealth


You couldn't memorise any spells.
You didn't know any spells.
Your spell library was empty.

Dungeon Overview and Level Annotations

Branches:
Dungeon (5/15)
 Temple: D:4-7

Altars:


Innate Abilities, Weirdness & Mutations

You are resistant to damage.
You can heal yourself by infusing magical energy.
You passively map a small area around you.
You do not regenerate.


Message History

The hound skeleton is moderately damaged.
The hound skeleton completely misses you.
The orc priest hits you but does no damage.
The hound skeleton closely misses you.
An orc wizard comes into view. It is wielding a +0 dagger.
The orc priest hits you with a +0 trident.
The hound skeleton bites you but does no damage.
You see here a +0 hand axe.
The orc wizard shouts!
You hit the hound skeleton.
The hound skeleton is moderately damaged.
You hit the orc priest but do no damage.
You hit the orc. The hound skeleton closely misses you.
The orc hits you with a +0 flail.
Unknown command.
The hound skeleton barely misses you.
The orc wizard gestures at itself while chanting.
The orc wizard flickers and vanishes!
Deactivating autopickup; reactivate with Ctrl-A.
The orc priest hits you with a +0 trident!
* * * LOW HITPOINT WARNING * * *
The hound skeleton bites you but does no damage.
Okay, then.
You hit the orc priest.
The orc priest is moderately wounded.
You hit the orc. You barely miss the hound skeleton.
The orc priest looks braver for a moment.
The hound skeleton bites you but does no damage.
The orc closely misses you.
Unknown command.
You hit the orc priest but do no damage.
The orc priest is moderately wounded.
You hit the hound skeleton. You barely miss the orc.
The hound skeleton bites you.
* * * LOW HITPOINT WARNING * * *
The orc priest misses you. The hound skeleton barely misses you.
The orc hits you with a +0 flail.
* * * LOW HITPOINT WARNING * * *
The orc priest hits you with a +0 trident!
You die...

, , * *,* * , * #.#.#
#.#.# * #.# #.#.#### *,
#.# #.#....# * #.#
#.#<##.####>## #.#
#.#.#Zo....... #.#
#.#.#@).......
#.#######....o......##
####.............#######
...............###
#.############## ..# ###


You could see an orc priest, an orc and a hound skeleton.

Vanquished Creatures
  An orc (D:4)
  A giant cockroach (D:4)
  A jackal skeleton (D:4)
3 creatures vanquished.

Notes
Turn   | Place    | Note
-------+----------+-------------------------------------------
     0 | D:5      | dickylongcocking the Deep Dwarf Delver began the quest for
                  | the Orb.
     0 | D:5      | Reached XP level 1. HP: 20/20 MP: 1/1
    96 | D:4      | Noticed an orc priest
   101 | D:4      | Noticed an orc wizard
   105 | D:4      | Slain by an orc priest

Illustrated notes

Levels and vault maps discovered:
D:4:      layout_loops_ring, nemelex_lonely_heart_becter
D:5:      layout_cave_pools, riverfiend_overflow_shadow_ancestor, basic_altar

Action                   || total
-------------------------++-------
Melee: Hand axe          ||    11
 Stab: Sleeping          ||     2
Armor: Ring mail         ||     6
Dodge: Dodged            ||    13

Table legend: (Time is in decaauts)
 A = Elapsed time spent in this place.
 B = Non-inter-level travel time spent in this place.
 C = Inter-level travel time spent in this place.
 D = Time resting spent in this place.
 E = Time spent auto-exploring this place.
 F = Levels seen in this place.
 G = Mean time per level.
                   A        B        C        D        E       F      G
               +--------+--------+--------+--------+--------+-----+--------+
         Total |    106 |     95 |     11 |      0 |     53 |   2 |   53.0 |
       Dungeon |    106 |     95 |     11 |      0 |     53 |   2 |   53.0 |
               +--------+--------+--------+--------+--------+-----+--------+

Top non-repeatable levels by time:
     D:4: 77 daAuts
     D:5: 29 daAuts
